 Dungeon Crawl Stone Soup version 0.29.1-2-gbd0b4ee654 (webtiles) character file.

Game seed: 956805313048890571

3777 H0rd4k the Martial Artist (level 10, 0/54 (66) HPs)
             Began as an Octopode Artificer on Dec 1, 2022.
             Was an Initiate of Gozag.
             Slain by a wight
             ... wielding a +0 falchion
              (2 damage)
             ... on level 8 of the Dungeon.
             The game lasted 00:15:30 (12006 turns).

H0rd4k the Martial Artist (Octopode Artificer)     Turns: 12006, Time: 00:15:31

HP:   0/54 (66)     AC:  3    Str: 11    XL:     10   Next: 16%
MP:   18/18         EV: 13    Int: 18    God:    Gozag
Gold: 481           SH:  5    Dex: 13    Spells: 12/19 levels left

rFire   . . .      SeeInvis .   k - staff of air
rCold   . . .      Faith    .   (no shield)
rNeg    . . .      Spirit   .   I - +2 hat
rPois   .          Reflect  +   i - amulet of reflection
rElec   +          Harm     .   A - ring of willpower
rCorr   .          Rampage  .   (no ring)
Will    +....                   (no ring)
Stlth   +++.......              (no ring)
HPRegen 0.18/turn               (no ring)
MPRegen 0.16/turn               (no ring)
                                (no ring)
                                (no ring)

@: gold aura, heavily drained
A: almost no armour, amphibious, 8 rings, camouflage 1, gelatinous body 1,
(nimble swimmer 1), tentacles
a: Renounce Religion, Potion Petition, Call Merchant, Bribe Branch


You were on level 8 of the Dungeon.
You worshipped Gozag.
Gozag was aware of your devotion.
You visited 2 branches of the dungeon, and saw 9 of its levels.

You collected 1040 gold pieces.
You spent 508 gold pieces at shops.
You paid 51 gold pieces to Gozag.

Inventory:

Missiles
 j - 2 throwing nets
 n - 14 poisoned darts (quivered)
Armour
 y - an orb of wrath
 I - a +2 hat (worn)
Magical Staves
 c - a staff of death
 k - a staff of air (weapon)
Jewellery
 i - an amulet of reflection (around mantle)
 A - a ring of willpower (left tentacle)
Wands
 b - a wand of flame (22)
 d - a wand of roots (10)
 t - a wand of paralysis (8)
 D - a wand of digging (3)
 F - a wand of mindburst (16)
Scrolls
 e - a scroll of butterflies {unknown}
 g - 3 scrolls of poison
 m - 4 scrolls of noise
 o - a scroll of enchant armour {unknown}
 p - 2 scrolls of blinking
 s - a scroll of acquirement {unknown}
 u - 4 scrolls of teleportation
 x - a scroll of fear {unknown}
 B - 2 scrolls of amnesia
 E - a scroll of magic mapping {unknown}
Potions
 a - 2 potions of invisibility {unknown}
 f - 4 potions of curing
 h - a potion of haste
 l - a potion of attraction
 q - 2 potions of magic
 r - 2 potions of heal wounds {unknown}
 v - 3 potions of mutation
 w - 2 potions of ambrosia {unknown}
 z - a potion of berserk rage {unknown}
 C - a potion of flight {unknown}
 G - a potion of brilliance {unknown}


   Skills:
 * Level 5.5 Fighting
 + Level 1.6 Staves
 + Level 2.1 Throwing
 - Level 2.3 Dodging
 - Level 1.3 Stealth
 + Level 3.9 Shields
 + Level 9.5 Unarmed Combat
 * Level 5.3 Spellcasting
 + Level 2.4 Summonings
 * Level 2.9 Air Magic
 - Level 3.2 Evocations


You had 12 spell levels left.
You knew the following spells:

 Your Spells              Type           Power      Damage    Failure   Level
a - Summon Lightning Spi  Summ/Air       21%        N/A       38%         4
b - Swiftness             Air            23%        N/A       12%         3

Your spell library contained the following spells:

 Spells                   Type           Power      Damage    Failure   Level
 Shock                    Conj/Air       60%        1d6       7%          1
 Magic Dart               Conj           16%        1d3       13%         1
 Searing Ray              Conj           8%         2d4       19%         2
 Summon Guardian Golem    Hex/Summ       9%         N/A       24%         3
 Airstrike                Air            11%        2d(2-18)  36%         4
 Fulminant Prism          Conj/Hex       2%         3d6       77%         4
 Lightning Bolt           Conj/Air       7%         1d20      89%         5
 Orb of Destruction       Conj           2%         9d5       100%        7
 Spellforged Servitor     Conj/Summ      4%         N/A       100%        7


Dungeon Overview and Level Annotations

Branches:
Dungeon (8/15)             Temple (1/1) D:4
   Lair: D:8-11

Altars:
Ashenzari
Cheibriados
Dithmenos
Elyvilon
Fedhas
Gozag
Makhleb
Nemelex Xobeh
Okawaru
Ru
Sif Muna
Vehumet
Wu Jian
Xom
Yredelemnul
Zin
The Shining One

Shops:
D:1 :   D:2 ?[[   D:7 *

Annotations:
D:3 exclusion: downstairs
D:4 1 runed translucent door, exclusion: door, Crazy Yiuf
D:7 exclusions: 2 downstairs and 2 electric eels


Innate Abilities, Weirdness & Mutations

You cannot wear most types of armour.
You are amphibious.
You can wear up to eight rings at the same time.
Your skin changes colour to match your surroundings (Stealth+).
Your rubbery body absorbs attacks. (AC +1, EV +1)
((You are camouflaged when in or above water. (Stealth+)))
You have tentacles for arms and can constrict up to eight enemies at once.


Message History

You barely miss the wight. You grab the wight.
You squeeze the wight, but do no damage.
You constrict the wight, but do no damage.
The wight closely misses you. The wight barely misses you.
You hit the wight but do no damage.
The wight is electrocuted.
You squeeze the wight.
The wight is heavily damaged.
You constrict the wight, but do no damage.
The wight hits you with a +5 spear of freezing!
The wight freezes you. The wight hits you with a +0 falchion!
You feel drained.
You hit the wight but do no damage. You squeeze the wight.
The wight is severely damaged.
You constrict the wight. The wight misses you.
The wight hits you with a +0 falchion!
* * * LOW HITPOINT WARNING * * *
You hit the wight but do no damage. You squeeze the wight.
You destroy the wight!
The wight misses you.
You hit the wight but do no damage. You grab the wight.
The wight is moderately damaged.
You constrict the wight. The wight misses you.
You hit the wight but do no damage. You squeeze the wight.
The wight is severely damaged.
You constrict the wight, but do no damage.
You block the wight's attack.
You hit the wight but do no damage.
The wight is severely damaged.
You constrict the wight, but do no damage.
The wight hits you with a +0 falchion.
* * * LOW HITPOINT WARNING * * *
You feel drained.
* * * LOW HITPOINT WARNING * * *
You hit the wight.
You squeeze the wight, but do no damage.
The wight is severely damaged.
You constrict the wight. The wight hits you with a +0 falchion.
* * * LOW HITPOINT WARNING * * *
You feel drained.
You die...
Your body crumbles into a pile of gold.

..[............####......####
..........#.....#.......## .##
[....)....#..##......#..# .?..#
.............##.........# ....#
..........#.............##...# .
.....#.#..#..............#...#..
#....#..#.......................#
#....#..##.....z###....<.........
###.............@$...$.....)...#
.........###.....#...###..##!..##
.....##..###.....#.........#....#
.....#....#....(..............#
.....#.......#[##........z.####
$.....#.....####.......##z>#
.....@ ##..##........####.##
$...>.# #...##)..##.....#..####
.......##...............##....#


You could see a wight.

Vanquished Creatures
  Erica (D:8)
  Joseph (D:8)
  2 steam dragons
  A water moccasin (D:8)
  2 black bears (D:5)
  An ogre (D:6)
  A centaur (D:8)
  A phantom (D:6)
  2 kobold brigands
  4 bullfrogs
  4 necrophages
  9 wights
  2 killer bees
  A jelly (D:5)
  4 hounds
  An orc priest (D:5)
  Ijyb (D:4)
  A gnoll bouda (D:8)
  5 iguanas
  2 orc wizards
  Robin (D:2)
  9 gnolls
  7 adders
  2 shadow imps
  A white imp (D:7)
  2 worms
  A dart slug (D:3)
  17 orcs
  6 ball pythons
  4 endoplasms
  3 giant cockroaches
  11 goblins
  11 hobgoblins
  4 jackals (D:1)
  10 kobolds
  6 quokkas
  5 bats
  3 frilled lizards
  3 rats
152 creatures vanquished.

Vanquished Creatures (collateral kills)
  An ice beast (D:8)
  2 killer bees (D:8)
  3 orcs
6 creatures vanquished.

Vanquished Creatures (others)
  2 killer bees (D:8)
  2 orc wizards
  4 toadstools (D:1)
8 creatures vanquished.

Grand Total: 166 creatures vanquished

Notes
Turn   | Place    | Note
-------+----------+-------------------------------------------
     0 | D:1      | H0rd4k the Octopode Artificer began the quest for the Orb.
     0 | D:1      | Reached XP level 1. HP: 13/13 MP: 1/1
   274 | D:1      | Reached XP level 2. HP: 11/18 MP: 3/3
   278 | D:1      | Reached skill level 1 in Spellcasting
   786 | D:1      | Found Seabea Diter's Book Boutique.
   969 | D:1      | Reached XP level 3. HP: 13/24 MP: 3/5
  1609 | D:2      | Found Niale's Armour Shoppe.
  1610 | D:2      | Noticed Robin
  1633 | D:2      | Killed Robin
  1634 | D:2      | Reached skill level 1 in Unarmed Combat
  1891 | D:2      | Found Wulialet's Magic Scroll Emporium.
  1962 | D:2      | Found Zearufal's Armour Shoppe.
  2094 | D:2      | Reached XP level 4. HP: 27/29 MP: 6/6
  3029 | D:3      | Reached skill level 2 in Unarmed Combat
  3260 | D:4      | Noticed Ijyb
  3264 | D:4      | Killed Ijyb
  3265 | D:4      | Reached XP level 5. HP: 35/35 MP: 6/8
  3620 | D:4      | Reached skill level 1 in Shields
  3929 | D:4      | Found a staircase to the Ecumenical Temple.
  3961 | D:4      | Reached skill level 3 in Unarmed Combat
  3973 | Temple   | Entered the Ecumenical Temple
  4123 | Temple   | Became a worshipper of Gozag Ym Sagoz the Greedy
  4142 | D:4      | Reached XP level 6. HP: 38/41 MP: 9/9
  4585 | D:4      | Found a runed translucent door.
  4586 | D:4      | Noticed Crazy Yiuf
  4700 | D:5      | Entered Level 5 of the Dungeon
  4725 | D:5      | Noticed a black bear
  4751 | D:5      | Reached skill level 4 in Unarmed Combat
  4783 | D:5      | Killed a black bear
  4857 | D:5      | Noticed a black bear
  4868 | D:5      | Killed a black bear
  4869 | D:5      | Reached XP level 7. HP: 26/46 MP: 11/11
  5664 | D:5      | Reached skill level 5 in Unarmed Combat
  6313 | D:5      | Reached XP level 8. HP: 52/54 MP: 11/13
  6490 | D:6      | Reached skill level 6 in Unarmed Combat
  7552 | D:6      | Reached skill level 1 in Throwing
  7552 | D:6      | Reached skill level 7 in Unarmed Combat
  7841 | D:6      | Found a glowing golden altar of the Shining One.
  8002 | D:7      | Found Oduipped's Assorted Antiques.
  8162 | D:7      | Found a shimmering blue altar of Sif Muna.
  8164 | D:7      | Found a shimmering altar of Xom.
  8165 | D:7      | Found a white marble altar of Elyvilon.
  8185 | D:7      | Found a glowing silver altar of Zin.
  8185 | D:7      | Found a sacrificial altar of Ru.
  8192 | D:7      | Found a sparkling altar of Nemelex Xobeh.
  8481 | D:7      | Found a shadowy altar of Dithmenos.
  8481 | D:7      | Found an iron altar of Okawaru.
  8561 | D:7      | Reached XP level 9. HP: 39/59 MP: 15/15
  8814 | D:7      | Reached skill level 8 in Unarmed Combat
  9367 | D:1      | Learned a level 4 spell: Summon Lightning Spire
  9371 | D:1      | Bought a book of Air for 242 gold pieces
  9376 | D:1      | Learned a level 3 spell: Swiftness
  9444 | D:2      | Bought a scroll of blinking for 90 gold pieces
  9475 | D:2      | Bought a +2 hat for 176 gold pieces
  9671 | D:8      | Noticed Joseph
  9818 | D:8      | Noticed Erica
  9838 | D:8      | Reached skill level 1 in Summonings
  9844 | D:7      | Reached skill level 1 in Air Magic
 10114 | D:8      | Killed Joseph
 10115 | D:8      | Reached skill level 5 in Fighting
 10122 | D:8      | Killed Erica
 10123 | D:8      | Reached skill level 1 in Staves
 10123 | D:8      | Reached skill level 9 in Unarmed Combat
 10123 | D:8      | Reached skill level 5 in Spellcasting
 10672 | D:8      | Reached XP level 10. HP: 27/66 MP: 17/17
 11650 | D:8      | HP: 3/63 [wight/+5 spear of freezing (3)]
 12006 | D:8      | HP: 2/56 [wight/+0 falchion (5)]
 12006 | D:8      | Slain by a wight

Illustrated notes

Levels and vault maps discovered:
D:1:      ldierk_walled_garden_2, layout_basic, serial_shops,
          nicolae_shop_behind_doors
D:2:      layout_basic, serial_shops, shop, shop_scrolls, nicolae_shop_crystal,
          uniq_robin
D:3:      layout_basic
D:4:      layout_loops_cross, minmay_temple_entry_grid, uniq_ijyb,
          uniq_crazy_yiuf_cottage
D:5:      layout_loops_corners
D:6:      layout_basic, mainiacjoe_overflow_alcove_4,
          minmay_fractal_squares_gapless_5
D:7:      layout_basic, grunt_temple_overflow_open,
          gammafunk_temple_overflow_wave, serial_shops,
          nicolae_shop_overgrown_old_shop, kennysheep_another_room, minivault_4
D:8:      layout_cave_pools, eino_small_chamber_without_monster, uniq_erica,
          uniq_joseph
Temple:   compressed_dpeg_triangle_lava_temple

Skill      XL: |  1  2  3  4  5  6  7  8  9 |
---------------+----------------------------+-----
Spellcasting   | 1 2 3 4 5 |  5.3
Fighting       | 2 3 4 5 |  5.5
Unarmed Combat | 1 2 3 4 5 7 9 |  9.5
Shields        | 1 2 3 |  3.9
Throwing       | 1 2 |  2.1
Summonings     | 2 |  2.4
Air Magic      | 2 |  2.9
Staves         | 1 |  1.6
Dodging        | |  2.3
Stealth        | |  1.3
Evocations     | |  3.2

Action                   |  1- 3 |  4- 6 |  7- 9 | 10-12 || total
-------------------------+-------+-------+-------+-------++-------
Melee: Unarmed           |   102 |   111 |   160 |       ||   373
       Tentacles         |    27 |    26 |    49 |    16 ||   118
       Constrict         |    23 |    26 |    41 |    11 ||   101
       Punch             |     1 |     2 |     8 |     5 ||    16
       Staff             |       |       |    32 |    46 ||    78
Throw: Dart              |       |       |    11 |     6 ||    17
Evoke: Wand              |       |     8 |    29 |     1 ||    38
  Use: Scroll            |       |       |     9 |       ||     9
       Potion            |       |       |       |     2 ||     2
 Stab: Sleeping          |     7 |     7 |     4 |       ||    18
       Paralysed         |       |     5 |       |     5 ||    10
       Distracted        |       |       |     1 |       ||     1
Armor: Skin              |     8 |     3 |    18 |     1 ||    30
Dodge: Dodged            |    52 |    55 |    97 |    37 ||   241
Block: Other             |    12 |    29 |    37 |    15 ||    93
       Reflection        |       |     1 |     1 |       ||     2
